 Dungeon Crawl Stone Soup version 0.23-a0-299-g9a66eeb (console) character file.

75 nht the Firebug (level 4, 23/36 HPs)
             Began as a Deep Dwarf Fire Elementalist on Oct 6, 2018.
             Quit the game on level 3 of the Dungeon.
             The game lasted 00:04:39 (1681 turns).

nht the Firebug (Deep Dwarf Fire Elementalist)      Turns: 1681, Time: 00:04:40

Health: 23/36      AC:  9    Str: 12    XL:     4   Next: 11%
Magic:  1/6        EV: 12    Int: 16    God:
Gold:   122        SH:  0    Dex: 13    Spells: 5/6 levels left

rFire    . . .     SeeInvis .   (no weapon)
rCold    . . .     Gourm    .   (no shield)
rNeg     . . .     Faith    .   m - +0 leather armour (curse)
rPois    .         Spirit   .   (no helmet)
rElec    .         Reflect  .   b - +2 cloak
rCorr    .         Harm     .   (no gloves)
MR       .....                  (no boots)
Stlth    ++........             (no amulet)
HPRegen  0.00/turn              d - +3 ring of protection
MPRegen  0.10/turn              (no ring)

@: very slightly contaminated, non-regenerating
A: damage resistance, heal wounds, sense surroundings 1, no regeneration
a: Heal Wounds


You were on level 3 of the Dungeon.
You were very hungry.

You visited 1 branch of the dungeon, and saw 3 of its levels.

You collected 122 gold pieces.

Inventory:

Missiles
 a - 11 poisoned needles
 e - 13 tomahawks (quivered)
Armour
 b - a +2 cloak (worn)
 m - a cursed +0 leather armour (worn)
Jewellery
 d - a +3 ring of protection (left hand)
Scrolls
 f - a scroll of enchant armour {unknown}
 l - a scroll of teleportation {unknown}
 n - a scroll of magic mapping {unknown}
Potions
 g - 2 potions of lignification
 h - a potion of invisibility
 i - 3 potions of brilliance
 k - a potion of cancellation {unknown}
 o - a potion of haste {unknown}
 p - a potion of flight {unknown}
Comestibles
 c - 3 rations


   Skills:
 - Level 2.2 Dodging
 - Level 2.5 Stealth
 - Level 1.8 Spellcasting
 + Level 2.5 Conjurations
 + Level 3.6 Fire Magic


You had 5 spell levels left.
You knew the following spells:

 Your Spells              Type           Power        Failure   Level  Hunger
a - Flame Tongue          Conj/Fire      ##...        8%          1    ##.....

Your spell library contained the following spells:

 Spells                   Type           Power        Failure   Level  Hunger
 Throw Flame              Conj/Fire      ##....       12%         2    ###....
 Conjure Flame            Conj/Fire      ##......     22%         3    ####...
 Inner Flame              Hex/Fire       #.......     36%         3    ####...
 Sticky Flame             Conj/Fire      ##......     58%         4    #####..
 Fireball                 Conj/Fire      ##........   91%         5    ######.


Dungeon Overview and Level Annotations

Branches:
Dungeon (3/15)

Altars:
Sif Muna
Yredelemnul


Innate Abilities, Weirdness & Mutations

You are resistant to damage.
You can heal yourself by infusing magical energy.
You passively map a small area around you.
You do not regenerate.


Message History

Casting: Flame Tongue (safe; 8% risk of failure)
Confirm with . or Enter, or press ? or * to list all spells.
Aiming: Flame Tongue (safe; 8% risk of failure)
Press: ? - help, Shift-Dir - straight line, f/p - gnoll
Aim: a gnoll, wielding a spear The flame tongue hits the gnoll.
The gnoll appears unharmed.
The gnoll hits you but does no damage.
Casting: Flame Tongue (safe; 8% risk of failure)
Confirm with . or Enter, or press ? or * to list all spells.
Aiming: Flame Tongue (safe; 8% risk of failure)
Press: ? - help, Shift-Dir - straight line, f/p - gnoll
Aim: a gnoll, wielding a spear The flame tongue hits the gnoll.
The gnoll is moderately wounded.
You are feeling very hungry.
The gnoll barely misses you. The gnoll hits you but does no damage.
Char dumped successfully.
Okay, then.
Are you sure you want to abandon this character and quit the game? (Confirm

...................█.....█,
███████............██....█.█**
█.....██.....'.........
█....÷██.....███.█.█.██
█.....██.....█ *.█.█ .. ,
███████.....██.....█ *.█,█ █*
* ......'..(...g.....█ .█ *,,
.██████.....██████████.█, *
...........gg.g.@......█
██████████.█████████████ ,
...w.......$...,
███████.███████* *** * █.█ *
█.█ █.█ * █.█ █.█


You could see 3 gnolls.

Vanquished Creatures
  A howler monkey (D:3)
  2 dart slugs
  A ball python (D:1)
  4 bats
  A giant cockroach (D:1)
  2 gnoll zombies (D:2)
  A goblin (D:3)
  2 hobgoblins
  7 kobolds
  A quokka (D:2)
  4 frilled lizards
  9 rats
35 creatures vanquished.

Notes
Turn   | Place    | Note
-------+----------+-------------------------------------------
     0 | D:1      | nht the Deep Dwarf Fire Elementalist began the quest for
                  | the Orb.
     0 | D:1      | Reached XP level 1. HP: 15/15 MP: 3/3
     6 | D:1      | Reached skill level 1 in Conjurations
   132 | D:1      | Reached XP level 2. HP: 20/22 MP: 0/4
   194 | D:1      | Reached skill level 3 in Fire Magic
   623 | D:2      | Found a deep blue altar of Sif Muna.
  1124 | D:2      | Found a basalt altar of Yredelemnul.
  1345 | D:3      | Noticed a howler monkey
  1401 | D:3      | Reached XP level 3. HP: 23/28 MP: 3/5
  1580 | D:3      | Reached XP level 4. HP: 23/36 MP: 0/6
  1681 | D:3      | Quit the game

Vault maps used:
D:1:      lightli_arrival_boilingwater, serial_park_tiny_pond
D:2:      lemuel_zombie_altar_yredelemnul, nicolae_overflow_hidden_temple,
          overflow_temple_1_default
D:3:      uniq_robin

Skill      XL: |  1  2  3 |
---------------+----------+-----
Conjurations   | 1 2 |  2.5
Fire Magic     | 3 |  3.6
Dodging        | |  2.2
Stealth        | |  2.5
Spellcasting   | |  1.8

Action                   |  1- 3 |  4- 6 || total
-------------------------+-------+-------++-------
Throw: Tomahawk          |     7 |       ||     7
 Cast: Flame Tongue      |    67 |     9 ||    76
  Use: Scroll            |     3 |       ||     3
  Eat: Chunk             |     2 |     1 ||     3
Armor: Robe              |     9 |       ||     9
       Leather armour    |    18 |     3 ||    21
Dodge: Dodged            |    35 |     4 ||    39

Table legend:
 A = Non-vault XP
 B = Vault XP
 C = Vault XP percentage of total XP
 D = Non-vault monster count
 E = Vault monster count
 F = Vault count percentage of total count
                 A         B        C        D         E       F
            +---------+---------+-------+---------+---------+-------
      Total |     104 |       4 |   3.7 |      33 |       2 |   5.7
            +---------+---------+-------+---------+---------+-------
        D:1 |      22 |       0 |   0.0 |      16 |       0 |   0.0
        D:2 |      11 |       4 |  26.7 |       6 |       2 |  25.0
        D:3 |      71 |       0 |   0.0 |      11 |       0 |   0.0
            +---------+---------+-------+---------+---------+-------
